 Dungeon Crawl Stone Soup version 0.29.1 (webtiles) character file.

Game seed: 17061812107571484592

55 Hubris850 the Shield-Bearer (level 3, -2/23 HPs)
             Began as a Gargoyle Fighter on Sept 13, 2022.
             Slain by a hobgoblin (5 damage)
             ... led by Robin
             ... on level 2 of the Dungeon.
             The game lasted 00:02:17 (1098 turns).

Hubris850 the Shield-Bearer (Gargoyle Fighter)      Turns: 1098, Time: 00:02:17

Health: -2/23      AC: 11    Str: 19    XL:     3   Next: 93%
Magic:  4/4        EV:  9    Int: 10    God:
Gold:   91         SH:  4    Dex:  9    Spells: 4/4 levels left

rFire   . . .      SeeInvis .   a - +0 flail
rCold   . . .      Faith    .   c - +0 buckler
rNeg    + . .      Spirit   .   b - +0 scale mail
rPois   ∞          Reflect  .   i - +0 helmet
rElec   +          Harm     .   (no cloak)
rCorr   .          Rampage  .   (no gloves)
Will    .....                   (no boots)
Stlth   ..........              (no amulet)
HPRegen 0.07/turn               (no ring)
MPRegen 0.09/turn               (no ring)

@: no status effects
A: sickness immunity, AC +3, negative energy resistance 1, electricity
resistance, torment resistance 1, petrification resistance
a: no special abilities


You were on level 2 of the Dungeon.
You visited 1 branch of the dungeon, and saw 2 of its levels.

You collected 91 gold pieces.

Inventory:

Hand Weapons
 a - a +0 flail (weapon)
Armour
 b - a +0 scale mail (worn)
 c - a +0 buckler (worn)
 i - a +0 helmet (worn)
Scrolls
 f - a scroll of brand weapon {unknown}
 g - a scroll of identify {unknown}
Potions
 d - a potion of might
 e - a potion of brilliance {unknown}
 h - a potion of flight {unknown}
 j - a potion of ambrosia {unknown}


   Skills:
 + Level 3.4 Fighting
 + Level 2.5 Maces & Flails
 + Level 3.8 Armour
 + Level 3.8 Shields
 + Level 1.2 Spellcasting


You had 4 spell levels left.
You didn't know any spells.
Your spell library was empty.

Dungeon Overview and Level Annotations

Branches:
Dungeon (2/15)

Altars:


Innate Abilities, Weirdness & Mutations

You are immune to sickness and miasma.
Your stone body is resilient. (AC +3)
You are immune to poison.
You resist negative energy. (rN+)
You are resistant to electric shocks. (rElec)
You are resistant to unholy torment.
You are immune to petrification.


Message History

You kill the goblin!
You closely miss the hobgoblin. The hobgoblin closely misses you.
A hobgoblin comes into view.
The goblin hits you with a +0 dagger. The hobgoblin hits you.
Robin roars a battlecry!
The goblins go into a battle-frenzy!
You hit the hobgoblin.
You kill the hobgoblin!
You block the goblin's attack.
You hit the goblin.
You kill the goblin!
The goblin hits you with a +0 dagger.
You barely miss Robin. The goblin hits you but does no damage.
A hobgoblin comes into view.
Robin hits you with a +0 short sword. The goblin hits you but does no damage.
Robin hits you but does no damage.
You hit Robin.
Robin is lightly wounded.
You block Robin's attack. The goblin barely misses you.
You hit Robin.
Robin is heavily wounded.
You block Robin's attack. The goblin hits you but does no damage.
You hit Robin but do no damage.
Robin is heavily wounded.
Robin barely misses you. The goblin hits you but does no damage.
Robin hits you but does no damage. The goblin hits you but does no damage.
You barely miss Robin.
Robin is heavily wounded.
Robin roars a battlecry!
The hobgoblin goes into a battle-frenzy!
You block the goblin's attack.
You hit Robin.
Robin is severely wounded.
Robin hits you with a +0 short sword.
* * * LOW HITPOINT WARNING * * *
The goblin hits you but does no damage.
You sock Robin!
You kill Robin!
The goblin hits you but does no damage. The hobgoblin hits you.
You die...

.## #..#. ##.
.#...##.... ...
..##..<.>.##.#
............
#.......g#
#........#
#........# #
..#........#####...#
.......<...g@ggg...#
.###############...#
#


You could see 2 hobgoblins and 2 goblins.

Vanquished Creatures
  Robin (D:2)
  An adder (D:2)
  A dart slug (D:1)
  7 ball pythons (D:1)
  3 endoplasms (D:1)
  A giant cockroach (D:1)
  7 goblins
  6 hobgoblins
  3 jackals (D:1)
  A quokka (D:1)
  A bat (D:1)
  2 kobolds (D:1)
  5 rats (D:1)
39 creatures vanquished.

Notes
Turn   | Place    | Note
-------+----------+-------------------------------------------
     0 | D:1      | Hubris850 the Gargoyle Fighter began the quest for the Orb.
     0 | D:1      | Reached XP level 1. HP: 14/14 MP: 1/1
    38 | D:1      | Reached XP level 2. HP: 19/19 MP: 2/2
   315 | D:1      | Found a faded altar of an unknown god.
   599 | D:1      | Reached XP level 3. HP: 21/23 MP: 4/4
   605 | D:1      | Reached skill level 1 in Spellcasting
  1086 | D:2      | Noticed Robin
  1098 | D:2      | Killed Robin
  1098 | D:2      | Slain by a hobgoblin

Illustrated notes

Levels and vault maps discovered:
D:1:      onia_arrival_pyramid, layout_loops_ring,
          shapermc_ecumenical_altar_petra, minmay_ruptured
D:2:      layout_rooms, basic_altar, uniq_robin

Skill      XL: |  1  2  3 |
---------------+----------+-----
Spellcasting   | 1 |  1.2
Fighting       | |  3.4
Maces & Flails | |  2.5
Armour         | |  3.8
Shields        | |  3.8

Action                   || total
-------------------------++-------
Melee: Flail             ||   130
Armor: Scale mail        ||    89
Dodge: Dodged            ||    72
Block: Buckler           ||    31
